[Event "Titled Tuesday Blitz November 01 Early 2022"]
[White "Hajiyev, Kanan"]
[Black "Makhmudov, Shukhrat"]
[WhiteFideId "13404148"]
[BlackFideId "14200775"]
[WhiteElo "2118"]
[BlackElo "2135"]
[Result "0-1"]
[Round "05"]
[TimeControl "180+1"]
[Date "2022.11.02"]
[WhiteClock "0:00:12"]
[BlackClock "0:00:14"]

1. d4 Nf6 2. c4 e6 3. Nf3 d5 4. cxd5 exd5 5. Nc3 Bb4 6. Bg5 h6 7. Bf4 O-O 8. e3 c6 9. Bd3 Re8 10. O-O Bd6 11. Bxd6 Qxd6 12. Rb1 Bg4 13. Qc2 Bxf3 14. gxf3 Nbd7 15. b4 a6 16. a4 Nf8 17. b5 cxb5 18. axb5 a5 19. b6 Ne6 20. f4 Rec8 21. Rfc1 g5 22. fxg5 Nxg5 23. Kg2 Nfe4 24. Qb2 Rxc3 25. Rxc3 Qe6 26. Bxe4 Qh3+ 27. Kh1 Nxe4 28. Rg1+ Kh8 29. Rcc1 Qf3+ 30. Rg2 Rg8 31. Rg1 a4 32. Qc2 a3 33. Qa2 Rg5 34. h4 Rh5 35. Rc1 Rxh4+ 36. Kg1 Kh7 37. Qxd5 Ng5 38. Qxf3 Nxf3+ 39. Kf1 Rh1+ 40. Ke2 Rxc1 41. Kxf3 a2 42. Rg1 a1=Q 43. Rxc1 Qxc1 44. Ke4 Qc6+ 45. d5 Qxb6 46. Ke5 Qc5 47. e4 b5 48. f4 b4 49. Kf6 Qd6+ 50. Kxf7 Qxf4+ 51. Ke6 Qxe4+ 52. Kd6 Qxd5+ 53. Kxd5 b3 54. Kc4 b2 55. Kd3 b1=Q+ 0-1


[Site "https://www.chess.com"]

[Event "Titled Tuesday Blitz November 01 Early 2022"]
[White "Harsh Suresh"]
[Black "Bortnyk, Olexandr"]
[WhiteFideId "45018464"]
[BlackFideId "14120828"]
[WhiteElo "2180"]
[BlackElo "2723"]
[Result "0-1"]
[Round "05"]
[TimeControl "180+1"]
[Date "2022.11.01"]
[WhiteClock "0:00:22"]
[BlackClock "0:01:25"]

1. d4 d6 2. Nf3 g6 3. c4 Bg7 4. Nc3 Nc6 5. g3 Bd7 6. Bg2 Qc8 7. Be3 h5 8. h4 Nh6 9. d5 Ne5 10. Nxe5 Bxe5 11. Bxh6 Rxh6 12. Qd2 Rh8 13. O-O-O c5 14. f4 Bg7 15. e4 Qc7 16. Bh3 Bxh3 17. Rxh3 Qa5 18. Kb1 Qb4 19. Qd3 a6 20. e5 dxe5 21. d6 e4 22. Qxe4 O-O-O 23. d7+ Rxd7 24. Rxd7 Kxd7 25. g4 e6 26. Rd3+ Kc8 27. f5 gxf5 28. gxf5 Re8 29. fxe6 Rxe6 30. Qf5 Qxc4 31. Rd1 Bxc3 32. Qxf7 Qe4+ 33. Ka1 Bd4 34. Qxh5 Qe2 35. Qxe2 Rxe2 36. Rb1 Rh2 37. a3 Rxh4 38. Ka2 Rh2 39. Kb3 b5 40. a4 Kb7 41. axb5 axb5 42. Ka3 Rxb2 43. Rxb2 Bxb2+ 44. Kxb2 Kc6 45. Kc2 Kd5 46. Kd3 b4 47. Kd2 c4 48. Kc2 Kd4 49. Kb2 b3 50. Ka3 Kc3 51. Ka4 b2 52. Kb5 b1=Q+ 53. Kc5 Qf5+ 54. Kd6 Kd4 55. Ke7 c3 56. Kd6 c2 57. Ke7 c1=Q 58. Kd6 Qcc5# 0-1


[Site "https://www.chess.com"]

[Event "Titled Tuesday Blitz November 01 Early 2022"]
[White "Hernandez Jimenez, Alexander Andres"]
[Black "Karas, Marek"]
[WhiteFideId "3900452"]
[BlackFideId "14928558"]
[WhiteElo "2098"]
[BlackElo "2220"]
[Result "0-1"]
[Round "05"]
[TimeControl "180+1"]
[Date "2022.11.02"]
[WhiteClock "0:00:02"]
[BlackClock "0:00:02"]

1. e4 e6 2. d4 d5 3. Nd2 a6 4. Ngf3 c5 5. exd5 exd5 6. Be2 Nf6 7. O-O Be7 8. dxc5 Bxc5 9. Nb3 Bb6 10. Bg5 O-O 11. c3 Be6 12. Nfd4 h6 13. Bh4 g5 14. Bg3 Ne4 15. Bd3 Qf6 16. Qf3 Qxf3 17. gxf3 Nxg3 18. hxg3 Nc6 19. Nxe6 fxe6 20. Kg2 Ne5 21. Be2 Rae8 22. Rad1 Kg7 23. Nd4 Bxd4 24. Rxd4 Nc6 25. Rd2 Rd8 26. c4 d4 27. b3 e5 28. Bd3 b6 29. Re1 Rfe8 30. Be4 Nb8 31. Bd5 a5 32. Rde2 Nd7 33. f4 gxf4 34. gxf4 Kf6 35. Bc6 d3 36. Rd2 Rg8+ 37. Kf3 exf4 38. Bxd7 Rxd7 39. Re4 Rg5 40. Rxf4+ Rf5 41. Rxf5+ Kxf5 42. Ke3 h5 43. f4 h4 44. a3 h3 45. b4 axb4 46. axb4 Rh7 47. Rh2 Kg4 48. c5 bxc5 49. bxc5 Rc7 50. Kd4 Kg3 51. Rd2 h2 52. Rxd3+ Kxf4 53. Rh3 Rd7+ 54. Kc4 Rd2 55. Kb5 Rb2+ 56. Kc6 Rc2 57. Kd6 Rd2+ 58. Kc7 Kg4 59. Rh7 Kg3 60. c6 Kg2 61. Rg7+ Kh3 62. Rh7+ Kg3 63. Kb7 Rb2+ 64. Kc8 Kg2 0-1


[Site "https://www.chess.com"]

[Event "Titled Tuesday Blitz November 01 Early 2022"]
[White "Hoffmann, Asa"]
[Black "Blokhin, Sofia"]
[WhiteFideId "2001470"]
[BlackFideId "4508190"]
[WhiteElo "2117"]
[BlackElo "2005"]
[Result "1-0"]
[Round "05"]
[TimeControl "180+1"]
[Date "2022.11.02"]
[WhiteClock "0:01:19"]
[BlackClock "0:00:09"]

1. d4 f5 2. Nc3 e6 3. f3 Nf6 4. e4 fxe4 5. fxe4 Bb4 6. e5 Nd5 7. Qg4 O-O 8. Bd2 Nxc3 9. bxc3 Be7 10. Nf3 c5 11. Bd3 Rf7 12. O-O Nc6 13. Ng5 Rxf1+ 14. Rxf1 Bxg5 15. Bxg5 Qe8 16. Bh6 Qe7 17. Rf3 Kh8 18. Bg5 Qe8 19. Qh4 g6 20. Qh6 Kg8 21. Bxg6 hxg6 22. Bf6 Qf8 23. Qxg6+ 1-0


[Site "https://www.chess.com"]

[Event "Titled Tuesday Blitz November 01 Early 2022"]
[White "Horcajuelo Rocamora, Martin"]
[Black "Kuznetsova, Olga"]
[WhiteFideId "24573027"]
[BlackFideId "4191323"]
[WhiteElo "2094"]
[BlackElo "2134"]
[Result "1-0"]
[Round "05"]
[TimeControl "180+1"]
[Date "2022.11.02"]
[WhiteClock "0:00:18"]
[BlackClock "0:00:22"]

1. e4 e5 2. Nf3 Nf6 3. Nxe5 d6 4. Nf3 Nxe4 5. Nc3 Nxc3 6. dxc3 Be7 7. Be3 Nc6 8. Qd2 Bf5 9. Be2 Qd7 10. O-O-O O-O 11. h3 Rae8 12. g4 Be4 13. Rhg1 Bd8 14. Nd4 Nxd4 15. Bxd4 Qa4 16. Bd3 Bf3 17. Kb1 Bxd1 18. Rxd1 Bh4 19. b3 Qc6 20. Qf4 Qd5 21. f3 Qg5 22. Qxg5 Bxg5 23. Be4 b6 24. Kb2 Re7 25. c4 g6 26. Rf1 Rfe8 27. f4 Bh4 28. Bd5 Re1 29. Rf3 Rd1 30. Bc3 Be1 31. f5 Bxc3+ 32. Kxc3 gxf5 33. Rxf5 Re7 34. h4 h6 35. g5 hxg5 36. Rxg5+ Kh7 37. Rf5 Kg6 38. Rg5+ Kf6 39. Rh5 Rg1 40. Rh8 Re3+ 41. Kb2 Rh3 42. Rc8 c5 43. Rc7 Rg7 44. Rxa7 Rxh4 45. Rb7 Ke5 46. Rxb6 f5 47. Rb8 Rh2 48. Re8+ Kf4 49. Rf8 Kg5 50. a4 Rg6 51. a5 Rf6 52. Rxf6 Kxf6 53. a6 Rh7 54. Bb7 f4 55. a7 Rxb7 56. a8=Q Re7 57. Qf8+ Ke6 58. Qxf4 Rf7 59. Qe4+ Kd7 60. Qd5 Rf6 61. Qb7+ Ke6 62. Qd5+ Ke7 63. Ka3 Rf1 64. Ka4 Re1 65. Kb5 Re5 66. Qxe5+ dxe5 67. Kxc5 Ke6 68. Kb4 e4 69. Kc3 Ke5 70. Kd2 Kd4 71. Ke2 Kc3 72. c5 Kxc2 73. c6 Kc3 74. c7 Kxb3 75. c8=Q 1-0


[Site "https://www.chess.com"]

[Event "Titled Tuesday Blitz November 01 Early 2022"]
[White "Horobetz, Graham"]
[Black "Gokerkan, Cem Kaan"]
[WhiteFideId "2047322"]
[BlackFideId "6336760"]
[WhiteElo "2602"]
[BlackElo "2365"]
[Result "0-1"]
[Round "05"]
[TimeControl "180+1"]
[Date "2022.11.02"]
[WhiteClock "0:01:08"]
[BlackClock "0:00:14"]

1. e4 Nf6 2. e5 Nd5 3. d4 d6 4. Nf3 Bg4 5. Be2 e6 6. O-O Be7 7. c4 Nb6 8. Nc3 O-O 9. Be3 Nc6 10. exd6 cxd6 11. c5 dxc5 12. dxc5 Nd7 13. Qa4 Bxf3 14. Bxf3 Bxc5 15. Bxc5 Nxc5 16. Qb5 Qb6 17. Bxc6 bxc6 18. Qc4 Rfd8 19. Rac1 Rab8 20. b3 Nd3 21. Rc2 Qd4 22. Qxd4 Rxd4 23. Rd1 Rbd8 24. Ne2 R4d6 25. Rcd2 e5 26. f3 R6d7 27. Nc3 Nc5 28. Rxd7 Rxd7 29. Rxd7 Nxd7 30. Kf2 f5 31. Ke3 Kf7 32. Kd3 Ke6 33. Kc4 Kd6 34. g4 g6 35. gxf5 gxf5 36. Nd1 Nb6+ 37. Kb4 Nd5+ 38. Ka5 e4 39. fxe4 fxe4 40. Nf2 e3 41. Nd3 e2 42. Ka6 Nb4+ 0-1


[Site "https://www.chess.com"]

[Event "Titled Tuesday Blitz November 01 Early 2022"]
[White "Ilkhomi, Jaloliddin"]
[Black "Mekhitarian, Krikor Sevag"]
[WhiteFideId "14700948"]
[BlackFideId "2107660"]
[WhiteElo "2045"]
[BlackElo "2614"]
[Result "0-1"]
[Round "05"]
[TimeControl "180+1"]
[Date "2022.11.02"]
[WhiteClock "0:00:13"]
[BlackClock "0:00:05"]

1. d4 Nf6 2. Bf4 g6 3. e3 Bg7 4. Nf3 O-O 5. h3 c5 6. c3 d6 7. Nbd2 cxd4 8. exd4 Nc6 9. Bc4 e5 10. dxe5 dxe5 11. Be3 Nd5 12. Bxd5 Qxd5 13. Qb3 Be6 14. Qxd5 Bxd5 15. O-O f5 16. Bc5 Rfe8 17. Rfd1 Rad8 18. Ne1 b6 19. Ba3 e4 20. Nc2 f4 21. Nb3 g5 22. Nbd4 Nxd4 23. Nxd4 e3 24. fxe3 fxe3 25. Nf5 e2 26. Re1 Bf6 27. Kf2 Bc4 28. Nd6 Rxd6 29. Bxd6 Bd3 30. a4 a6 31. Ra2 Kf7 32. Bg3 Kg6 33. Raa1 h5 34. h4 gxh4 35. Bf4 Kf5 36. Be3 h3 37. g3 Kg4 38. Bxb6 Be5 39. Rg1 Bb8 40. Be3 Rf8+ 41. Bf4 Ba7+ 42. Ke1 Bxg1 43. Kd2 h2 44. Kxd3 h1=Q 45. Kxe2 Qg2+ 46. Kd3 Bf2 47. Kc4 Bxg3 48. Be3 Qe4+ 49. Bd4 Bf2 50. Kb4 Bxd4 51. Re1 Qxe1 52. Ka5 Qe5+ 53. Kb4 Qc5+ 54. Kb3 Rb8+ 55. Kc2 Rxb2+ 56. Kd1 Qxc3 57. a5 Qd2# 0-1


[Site "https://www.chess.com"]

[Event "Titled Tuesday Blitz November 01 Early 2022"]
[White "Ivic, Velimir"]
[Black "Lazavik, Denis"]
[WhiteFideId "950122"]
[BlackFideId "13515110"]
[WhiteElo "2625"]
[BlackElo "2437"]
[Result "1-0"]
[Round "05"]
[TimeControl "180+1"]
[Date "2022.11.01"]
[WhiteClock "0:01:15"]
[BlackClock "0:00:15"]

1. e4 c5 2. Nf3 e6 3. d4 cxd4 4. Nxd4 Nc6 5. Nc3 Qc7 6. Be3 a6 7. Bd3 Nf6 8. Qe2 b5 9. Nxc6 dxc6 10. a4 Bb7 11. f4 b4 12. Nb1 c5 13. Nd2 Be7 14. b3 O-O 15. O-O Rfd8 16. Kh1 a5 17. Rae1 Rac8 18. Bg1 Ne8 19. e5 g6 20. Be4 Ng7 21. Bxb7 Qxb7 22. Nc4 Qc7 23. g4 Rd5 24. Qe4 Rcd8 25. h3 Bh4 26. Re3 h5 27. Kg2 Be7 28. Bf2 g5 29. Rf3 hxg4 30. hxg4 f5 31. exf6 Bxf6 32. fxg5 Bxg5 33. Rh1 Ne8 34. Qg6+ 1-0


[Site "https://www.chess.com"]

[Event "Titled Tuesday Blitz November 01 Early 2022"]
[White "Jaracz, Pawel"]
[Black "Pultinevicius, Paulius"]
[WhiteFideId "1102222"]
[BlackFideId "12809390"]
[WhiteElo "2459"]
[BlackElo "2500"]
[Result "0-1"]
[Round "05"]
[TimeControl "180+1"]
[Date "2022.11.01"]
[WhiteClock "0:00:10"]
[BlackClock "0:00:04"]

1. e4 c6 2. d4 d5 3. Nc3 dxe4 4. Nxe4 Bf5 5. Ng3 Bg6 6. Nh3 Nf6 7. Bc4 Nbd7 8. Nf4 e5 9. Qe2 Qe7 10. Nxg6 hxg6 11. Be3 exd4 12. Bxd4 Qxe2+ 13. Nxe2 Bc5 14. O-O-O Bxd4 15. Rxd4 Ne5 16. Bb3 Rd8 17. Rxd8+ Kxd8 18. h3 g5 19. Re1 Kc7 20. Nd4 Re8 21. Re3 g4 22. Nf5 g5 23. Nh6 gxh3 24. gxh3 Kd6 25. Bxf7 Rf8 26. Nf5+ Kc7 27. Rxe5 Rxf7 28. Nd4 g4 29. h4 Nd5 30. Rf5 Re7 31. Kd2 Rh7 32. h5 Kd6 33. c4 Ne7 34. Rg5 c5 35. Nf5+ Nxf5 36. Rxf5 b6 37. Ke3 Ke6 38. Rg5 Kf6 39. Rd5 Re7+ 40. Kd2 Rh7 41. a3 Ke6 42. Ke3 Rf7 43. Rg5 Rf3+ 44. Ke2 Rh3 45. Rxg4 Rxh5 46. Rg7 Rh4 47. b3 Rh3 48. f3 Rh2+ 49. Kd3 Rb2 50. Kc3 Rf2 51. Rxa7 Rxf3+ 52. Kc2 Rf2+ 53. Kc3 Rf3+ 54. Kc2 Kd6 55. Rh7 Rf2+ 56. Kd3 Rf3+ 57. Ke4 Rxb3 58. Rh6+ Kc7 59. a4 Ra3 60. Kd5 Rd3+ 61. Ke5 Rd4 62. a5 bxa5 63. Ra6 Kb7 64. Rxa5 Kb6 65. Rb5+ Kc6 66. Rb8 Rxc4 67. Rc8+ Kb5 68. Ra8 Rd4 0-1


[Site "https://www.chess.com"]

[Event "Titled Tuesday Blitz November 01 Early 2022"]
[White "Jaskolka, Tomasz"]
[Black "Iliaguev, Nisim"]
[WhiteFideId "1170791"]
[BlackFideId "2817276"]
[WhiteElo "2126"]
[BlackElo "2264"]
[Result "0-1"]
[Round "05"]
[TimeControl "180+1"]
[Date "2022.11.02"]
[WhiteClock "0:00:25"]
[BlackClock "0:00:40"]

1. d4 Nf6 2. c4 e6 3. g3 Bb4+ 4. Nd2 O-O 5. a3 Bxd2+ 6. Qxd2 d5 7. Nf3 b6 8. Bg2 Bb7 9. Ne5 Nbd7 10. Nxd7 Qxd7 11. O-O Ne4 12. Qc2 f5 13. Bf4 Rac8 14. Rac1 c5 15. cxd5 Bxd5 16. dxc5 Rxc5 17. Qd3 Rfc8 18. Rxc5 Nxc5 19. Qd4 Bxg2 20. Qxd7 Nxd7 21. Kxg2 Rc2 22. Rc1 Rxc1 23. Bxc1 Kf7 24. Kf3 e5 25. e4 g6 26. exf5 gxf5 27. g4 Ke6 28. gxf5+ Kxf5 29. Be3 Nf6 30. b3 Nd5 31. Bd2 h5 32. h3 a6 33. a4 b5 34. axb5 axb5 35. Ba5 e4+ 36. Kg3 Nf4 37. Bd2 Ne2+ 38. Kh4 Kg6 39. Be3 Nc3 40. Bd4 Nd5 41. Be5 Ne7 42. Kg3 Kf5 43. Bd4 Ng6 44. Bc5 Nf4 45. Be3 Nd3 46. Kh4 Kg6 47. Kg3 Kf5 48. Kh4 Nf4 49. b4 Nd3 50. Kxh5 Nxb4 51. h4 Nd3 52. Kh6 b4 53. h5 b3 54. Bd4 Nxf2 55. Kg7 Ng4 56. Kh7 e3 57. h6 e2 58. Bc3 b2 59. Bxb2 e1=Q 60. Bg7 Qe8 61. Bf8 Qg6+ 62. Kh8 Nf6 63. Bg7 Qh7# 0-1


[Site "https://www.chess.com"]

[Event "Titled Tuesday Blitz November 01 Early 2022"]
[White "Jean Louis, Marckens"]
[Black "Migot, Tangi"]
[WhiteFideId "11900270"]
[BlackFideId "662445"]
[WhiteElo "2030"]
[BlackElo "2593"]
[Result "1-0"]
[Round "05"]
[TimeControl "180+1"]
[Date "2022.11.02"]
[WhiteClock "0:00:08"]
[BlackClock "0:00:14"]

1. Nf3 e6 2. e4 d5 3. e5 c5 4. c3 c4 5. d4 cxd3 6. Bxd3 Bd7 7. O-O Qb6 8. Qe2 a6 9. a4 Nc6 10. b4 Nge7 11. Be3 Qc7 12. Bc5 Ng6 13. Bxf8 Kxf8 14. Re1 Nf4 15. Qe3 Nxd3 16. Qxd3 g6 17. Nbd2 Kg7 18. Nf1 h6 19. Ng3 Ne7 20. h4 Rac8 21. Re3 Qc4 22. Qd2 Rhd8 23. a5 Bb5 24. Nd4 Nc6 25. Nge2 Ne7 26. Rg3 Qc7 27. Nxb5 axb5 28. f4 Nf5 29. Rh3 h5 30. Rf1 Qe7 31. Nd4 Nxd4 32. Qxd4 Rc4 33. Qf2 Rdc8 34. Qe1 Qc7 35. Rff3 d4 36. f5 Rxc3 37. Kh2 Rxf3 38. Rxf3 Qc1 39. Qg3 Rc3 40. fxe6 fxe6 41. Qf2 Rxf3 42. Qxf3 Qe3 43. Qf6+ Kh7 44. Qf7+ Kh8 45. Qxe6 Qf4+ 46. Kg1 Qxh4 47. Qxg6 Qe1+ 48. Kh2 Qxe5+ 49. Kg1 Qe3+ 50. Kf1 Qf4+ 51. Ke2 Qe3+ 52. Kd1 Qb3+ 53. Ke2 Qd5 54. Qf6+ Kg8 55. Kd3 Qc4+ 56. Ke4 Qe2+ 57. Kd5 Qxg2+ 58. Kc5 Qc6+ 59. Qxc6 bxc6 60. Kxd4 h4 61. Ke3 h3 62. Kf2 Kf7 63. a6 h2 64. Kg2 Ke7 65. a7 Kd7 66. a8=Q 1-0


[Site "https://www.chess.com"]

[Event "Titled Tuesday Blitz November 01 Early 2022"]
[White "Jia, Haoxiang"]
[Black "Ibadov, Dashgyn"]
[WhiteFideId "8602999"]
[BlackFideId "24107514"]
[WhiteElo "2638"]
[BlackElo "2208"]
[Result "1-0"]
[Round "05"]
[TimeControl "180+1"]
[Date "2022.11.02"]
[WhiteClock "0:00:25"]
[BlackClock "0:00:02"]

1. d4 d5 2. c4 e6 3. Nf3 Nf6 4. g3 c6 5. Bg2 dxc4 6. O-O b5 7. a4 Bb7 8. b3 cxb3 9. Nbd2 Nbd7 10. Nxb3 a6 11. Bb2 Be7 12. Qc2 O-O 13. Rfc1 Rc8 14. Qd2 bxa4 15. Rxa4 c5 16. Na5 Bd5 17. Raa1 cxd4 18. Bxd4 Ne4 19. Rxc8 Qxc8 20. Qb2 Ndf6 21. Ne5 Qc7 22. Qb6 Qxb6 23. Bxb6 Nc3 24. Bf1 Rc8 25. f3 Rb8 26. Bf2 Bd6 27. Nec6 Bxc6 28. Nxc6 Rb1 29. Rxb1 Nxb1 30. e4 Bc7 31. Bxa6 Nd2 32. Kg2 h6 33. Bb5 Nb3 34. Bd3 Nc1 35. Bc4 Nd7 36. Be3 Nb6 37. Bb5 Na2 38. f4 Nc3 39. Bd3 Nba4 40. e5 Nb2 41. Ba6 g6 42. Bd4 Nba4 43. h4 Nd5 44. Kf3 Kg7 45. g4 h5 46. gxh5 gxh5 47. Be2 Nac3 48. Bd3 Nb5 49. Bxb5 1-0


[Site "https://www.chess.com"]

[Event "Titled Tuesday Blitz November 01 Early 2022"]
[White "Jiganchine, Roman"]
[Black "Vargas, Mauricio"]
[WhiteFideId "2603667"]
[BlackFideId "4404572"]
[WhiteElo "2293"]
[BlackElo "2025"]
[Result "1-0"]
[Round "05"]
[TimeControl "180+1"]
[Date "2022.11.02"]
[WhiteClock "0:00:10"]
[BlackClock "0:00:06"]

1. e4 d5 2. exd5 Qxd5 3. Nc3 Qa5 4. Bc4 Nf6 5. d3 c6 6. Bd2 Qc7 7. Qe2 Bg4 8. f3 Bf5 9. g4 Bg6 10. h4 h6 11. Nh3 e6 12. Nf4 Bh7 13. Bxe6 fxe6 14. Nxe6 Qe7 15. Nc7+ Kd7 16. Qxe7+ Bxe7 17. Nxa8 Na6 18. g5 Nd5 19. Nxd5 cxd5 20. gxh6 gxh6 21. Bxh6 Rxa8 22. O-O-O Rc8 23. Bg5 Nb4 24. c3 Nxd3+ 25. Kd2 Nf2 26. Rde1 Bxg5+ 27. hxg5 Nxh1 28. Rxh1 Bg6 29. Rh6 Rg8 30. Ke3 Ke6 31. Kd4 Rg7 32. Rh8 b6 33. Rf8 Rf7 34. Rxf7 Bxf7 35. a4 Kf5 36. b4 Kxg5 37. Ke5 Kg6 38. f4 Kg7 39. b5 Kg6 40. f5+ Kg5 41. f6 Kg6 42. Kd6 Kxf6 43. Kc7 Ke5 44. Kb8 Ke4 45. Kxa7 Kd3 46. a5 bxa5 47. b6 Kxc3 48. b7 d4 49. b8=Q d3 50. Qc7+ Kb2 51. Qxf7 Kc3 52. Qc7+ Kd2 53. Qxa5+ Ke2 54. Qe5+ Kd1 55. Qa1+ Ke2 56. Qe5+ Kd1 57. Qh5+ Kc2 58. Qf5 Kd2 59. Kb6 Ke2 60. Qe4+ Kd2 61. Kc5 Kc2 62. Kc4 Kd1 63. Qxd3+ Kc1 64. Qe2 Kb1 65. Kc3 Ka1 66. Qb2# 1-0


[Site "https://www.chess.com"]

[Event "Titled Tuesday Blitz November 01 Early 2022"]
[White "Jobava, Baadur"]
[Black "Vrbljanac, Aleksandar"]
[WhiteFideId "13601520"]
[BlackFideId "932817"]
[WhiteElo "2582"]
[BlackElo "2309"]
[Result "1-0"]
[Round "05"]
[TimeControl "180+1"]
[Date "2022.11.01"]
[WhiteClock "0:01:51"]
[BlackClock "0:00:12"]

1. b3 d5 2. Bb2 Bf5 3. d3 Nf6 4. Nd2 e6 5. g3 Bg6 6. Bg2 Nbd7 7. e4 c6 8. Ne2 Be7 9. O-O O-O 10. e5 Ne8 11. Nf4 Nc7 12. h4 h6 13. Nxg6 fxg6 14. f4 g5 15. h5 gxf4 16. gxf4 Qe8 17. Bh3 Qf7 18. Kh2 Kh7 19. Qg4 Qf5 20. Qxf5+ exf5 21. e6 Nc5 22. Rae1 Bd6 23. Be5 Ne8 24. Nf3 Bxe5 25. Rxe5 Rf6 26. Bxf5+ Kh8 27. Nd4 Nd6 28. Bg6 Kg8 29. e7 Ne8 30. Kg3 Nd7 31. Re6 Rxe6 32. Nxe6 Ndf6 33. Re1 1-0


[Site "https://www.chess.com"]

[Event "Titled Tuesday Blitz November 01 Early 2022"]
[White "Kanyamarala, Tarun"]
[Black "Turutin, Alexander"]
[WhiteFideId "45004714"]
[BlackFideId "4180623"]
[WhiteElo "2307"]
[BlackElo "2402"]
[Result "0-1"]
[Round "05"]
[TimeControl "180+1"]
[Date "2022.11.02"]
[WhiteClock "0:00:01"]
[BlackClock "0:00:16"]

1. d4 Nf6 2. Nc3 d5 3. Bf4 c6 4. e3 Bf5 5. Bd3 e6 6. Bxf5 exf5 7. Qd3 Ne4 8. Nge2 Na6 9. a3 Bd6 10. Bxd6 Nxd6 11. Ng3 Qg5 12. h4 Qf6 13. Nce2 g6 14. h5 O-O-O 15. O-O-O Nc7 16. Nf4 g5 17. Nh3 Ne6 18. h6 Ne4 19. Nxe4 fxe4 20. Qe2 Qxh6 21. Qg4 Qf6 22. f4 h5 23. Qg3 g4 24. Ng5 Nxg5 25. fxg5 Qxg5 26. Rdf1 Rd7 27. Rf4 f5 28. Qf2 Rf7 29. g3 b6 30. Rf1 Kb7 31. Kd2 h4 32. gxh4 Rxh4 33. Rxf5 Rxf5 34. Qxf5 Rh2+ 35. Kd1 Qxe3 36. Qd7+ Ka6 37. Qc8+ Ka5 38. b4+ Kb5 39. a4+ Kxb4 40. Qf8+ Kxa4 0-1


[Site "https://www.chess.com"]

[Event "Titled Tuesday Blitz November 01 Early 2022"]
[White "Khamdamova, Afruza"]
[Black "Dushyant Sharma"]
[WhiteFideId "14210444"]
[BlackFideId "25065130"]
[WhiteElo "2018"]
[BlackElo "2270"]
[Result "0-1"]
[Round "05"]
[TimeControl "180+1"]
[Date "2022.11.02"]
[WhiteClock "0:00:02"]
[BlackClock "0:00:05"]

1. e4 d5 2. exd5 Nf6 3. Nf3 Bg4 4. d4 Qxd5 5. Be2 Nc6 6. c4 Qf5 7. Be3 O-O-O 8. O-O e5 9. d5 e4 10. Nd4 Nxd4 11. Bxd4 Bd6 12. h3 Bxh3 13. gxh3 Qf4 14. Bg4+ Kb8 15. Re1 h5 16. c5 hxg4 17. cxd6 Rxd6 18. Nc3 gxh3 19. Kf1 h2 20. Ke2 Nxd5 21. Nxd5 Qf3+ 22. Kd2 Qd3+ 23. Kc1 Qc4+ 24. Nc3 Rxd4 0-1


[Site "https://www.chess.com"]

[Event "Titled Tuesday Blitz November 01 Early 2022"]
[White "Kirillov, Dmitry"]
[Black "Szente Varga, Fruzsina"]
[WhiteFideId "34180572"]
[BlackFideId "712264"]
[WhiteElo "2095"]
[BlackElo "1994"]
[Result "1/2-1/2"]
[Round "05"]
[TimeControl "180+1"]
[Date "2022.11.02"]
[WhiteClock "0:00:10"]
[BlackClock "0:00:12"]

1. e4 e5 2. Nf3 Nc6 3. d4 exd4 4. c3 d6 5. cxd4 Bg4 6. Be2 Nf6 7. Nc3 Be7 8. O-O O-O 9. h3 Bxf3 10. Bxf3 Qd7 11. Bf4 Rad8 12. d5 Nb8 13. Rc1 Rfe8 14. Re1 c6 15. Qd3 c5 16. a3 a6 17. b4 Rc8 18. e5 dxe5 19. Bxe5 cxb4 20. Bxf6 Bxf6 21. Bg4 Rxe1+ 22. Rxe1 Qd8 23. Bxc8 Bxc3 24. Rc1 a5 25. Bxb7 Qd6 26. axb4 axb4 27. Qb5 g6 28. Bc6 Qf4 29. Rd1 Qd6 30. Qb7 Kg7 31. Rd3 Qf4 32. Rf3 Qc1+ 33. Kh2 Be5+ 34. g3 Nxc6 35. dxc6 Qc4 36. Qd7 b3 37. Qb7 b2 38. Kg2 b1=Q 39. Qxb1 Qxc6 40. Qb3 Bf6 41. Kh2 h6 42. g4 Qd6+ 43. Kg2 Qd7 44. Qc4 h5 45. Rd3 Qb7+ 46. Rf3 hxg4 47. hxg4 g5 48. Qd3 Qe7 49. Qf5 Qd8 50. Rh3 Qa8+ 51. Qf3 Qxf3+ 52. Kxf3 Kg6 53. Ke4 Be7 54. f4 gxf4 55. Kxf4 Bg5+ 56. Ke4 f6 57. Rf3 Kg7 58. Rf5 Kg6 59. Kd5 Kf7 60. Rxg5 fxg5 61. Ke5 Kg6 62. Ke6 Kh6 63. Kf5 Kh7 64. Kf6 Kh6 65. Kf5 Kh7 66. Kxg5 Kg7 67. Kf5 Kf7 68. g5 Kg7 69. Kf4 Kg6 70. Kg4 Kg7 71. Kh5 Kh7 72. g6+ Kg7 73. Kg5 Kg8 74. Kf6 Kf8 75. Kf5 Kg7 76. Kg5 Kg8 77. Kh5 Kg7 78. Kg5 1/2-1/2


[Site "https://www.chess.com"]

[Event "Titled Tuesday Blitz November 01 Early 2022"]
[White "Korchmar, Vasiliy"]
[Black "Madaminov, Mukhiddin"]
[WhiteFideId "24131750"]
[BlackFideId "14210703"]
[WhiteElo "2370"]
[BlackElo "2341"]
[Result "0-1"]
[Round "05"]
[TimeControl "180+1"]
[Date "2022.11.01"]
[WhiteClock "0:00:01"]
[BlackClock "0:00:07"]

1. e4 e6 2. d4 d5 3. e5 c5 4. c3 Nc6 5. Nf3 Qb6 6. Be2 f6 7. O-O Bd7 8. dxc5 Bxc5 9. b4 Be7 10. Be3 Qc7 11. exf6 Nxf6 12. b5 Na5 13. Bd4 O-O 14. Bd3 Bd6 15. Re1 Nc4 16. Nbd2 e5 17. Bxc4 exd4 18. Bb3 dxc3 19. Ne4 Kh8 20. Nxf6 Rxf6 21. Qxd5 Raf8 22. Ng5 Rf5 23. Ne6 Bxh2+ 24. Kh1 Bxe6 25. Qxe6 Rh5 26. g4 Rh6 27. Qe4 Bd6+ 28. Kg2 Rh2+ 29. Kg1 Rhxf2 30. Rad1 Bh2+ 31. Kh1 Qg3 0-1


[Site "https://www.chess.com"]

[Event "Titled Tuesday Blitz November 01 Early 2022"]
[White "Koridze, Lile"]
[Black "Fathy, Elameir"]
[WhiteFideId "13612514"]
[BlackFideId "10600396"]
[WhiteElo "2050"]
[BlackElo "2311"]
[Result "1-0"]
[Round "05"]
[TimeControl "180+1"]
[Date "2022.11.02"]
[WhiteClock "0:00:39"]
[BlackClock "0:00:01"]

1. d4 d5 2. c4 e6 3. Nf3 c6 4. e3 f5 5. Nbd2 Nf6 6. b3 Bd6 7. Bb2 O-O 8. Bd3 b6 9. O-O Nbd7 10. Ne5 Bxe5 11. dxe5 Ng4 12. Nf3 Qc7 13. cxd5 exd5 14. e6 Nc5 15. h3 Nf6 16. Bxf5 Bxe6 17. Nd4 Bxf5 18. Nxf5 Qd7 19. Nd4 Nfe4 20. Rc1 Rac8 21. b4 Nb7 22. Qa4 Nd2 23. Rfd1 Nc4 24. Qb3 b5 25. Ba1 Qf7 26. Nf3 Nbd6 27. a4 Qg6 28. axb5 Rxf3 29. bxc6 Rf5 30. b5 Rcf8 31. Rc2 Ne4 32. Qa2 Rxf2 33. Rxf2 Rxf2 34. Qxf2 Nxf2 35. Kxf2 Qc2+ 36. Kg3 Qg6+ 37. Kf2 Qf5+ 38. Kg1 Nxe3 39. Rc1 Qe4 40. Kf2 1-0


[Site "https://www.chess.com"]

[Event "Titled Tuesday Blitz November 01 Early 2022"]
[White "Kosteniuk, Alexandra"]
[Black "Lee, Linden"]
[WhiteFideId "4128125"]
[BlackFideId "30941830"]
[WhiteElo "2469"]
[BlackElo "2501"]
[Result "0-1"]
[Round "05"]
[TimeControl "180+1"]
[Date "2022.11.02"]
[WhiteClock "0:00:07"]
[BlackClock "0:00:19"]

1. Nf3 d5 2. g3 c5 3. Bg2 Nc6 4. d4 e6 5. O-O Nf6 6. c4 Be7 7. dxc5 Bxc5 8. Nc3 O-O 9. cxd5 exd5 10. Bg5 d4 11. Ne4 Be7 12. Nxf6+ Bxf6 13. Bxf6 Qxf6 14. Rc1 Bf5 15. Qb3 Rab8 16. Rfd1 Rfd8 17. Rd2 Be6 18. Qa3 Rd7 19. Rcd1 Rbd8 20. h4 h6 21. b4 Qf5 22. Qb2 d3 23. exd3 Rxd3 24. b5 Rxd2 25. Rxd2 Rxd2 26. Nxd2 Qe5 27. Qxe5 Nxe5 28. Bxb7 Bxa2 29. f4 Nd7 30. Kf2 Kf8 31. Ke3 Ke7 32. Kd4 Be6 33. Ne4 Bg4 34. Nf2 Be2 35. Bc6 Kd6 36. Bxd7 Kxd7 37. Kc5 f5 38. h5 Kc7 39. Kd5 Bxb5 40. Ke6 Be8 41. Kxf5 Bxh5 42. g4 Be8 43. Ke6 a5 44. Nd3 a4 45. Nb4 Kb6 46. Ke7 Bb5 47. f5 Be2 48. Kf8 Bxg4 49. Kxg7 Bxf5 50. Kxh6 Kc5 51. Na2 Kc4 52. Kg5 Bc2 53. Kf4 Kb3 0-1


[Site "https://www.chess.com"]